[Event "Titled Tuesday Blitz July 4 Late 2023"]
[White "Gombocz, Ferenc Jr."]
[Black "Kanyamarala, Tarun"]
[WhiteFideId "775029"]
[BlackFideId "45004714"]
[WhiteElo "2414"]
[BlackElo "2518"]
[Result "0-1"]
[Round "11"]
[TimeControl "180+2"]
[Date "2023.07.04"]
[WhiteClock "0:00:00"]
[BlackClock "0:00:34"]
[Board "61"]

1. d4 Nf6 2. Nf3 d5 3. Bf4 c5 4. e3 Nc6 5. c3 Qb6 6. Qb3 c4 7. Qxb6 axb6 8. Na3 Bf5 9. Nb5 Ra5 10. a4 Bc2 11. Be2 Bxa4 12. Na3 e6 13. O-O Kd7 14. Ng5 Nd8 15. Bxc4 dxc4 16. Nxc4 Bb5 17. Nxb6+ Kc6 18. Rxa5 Bxf1 19. Na4 Bb5 20. Ra8 Bxa4 21. Rxd8 Rg8 22. Nxf7 Be7 23. Ne5+ Kb5 24. c4+ Kb4 25. Rxg8 Nxg8 26. c5 Nf6 27. g4 Kb3 28. g5 Ne4 29. h4 Kxb2 30. Nc4+ Kc3 31. Nb6 Bc6 32. Be5 g6 33. Nc8 Bd8 34. Kf1 Nd2+ 35. Ke2 Bb5+ 36. Kd1 Kd3 37. d5 exd5 38. Nd6 Ba4+ 39. Kc1 Ne4 40. Nxb7 Ba5 41. Kb2 Bc3+ 42. Bxc3 Nxc3 43. Nd8 Ne4 44. c6 Nd6 45. c7 Bd7 46. Ka3 Kc4 47. f4 Kc5 48. Kb3 Kb6 49. c8=Q Bxc8 50. Kc3 Kc5 51. Kd3 Bf5+ 52. Ke2 d4 53. exd4+ Kxd4 54. Nc6+ Ke4 55. Ne7 Kxf4 56. Ng8 Ne8 0-1


[Site "https://www.chess.com"]

[Event "Titled Tuesday Blitz July 4 Late 2023"]
[White "Zhang, Derek"]
[Black "Prieto Aranguren, Alain"]
[WhiteFideId "2087871"]
[BlackFideId "2268906"]
[WhiteElo "2499"]
[BlackElo "2396"]
[Result "0-1"]
[Round "11"]
[TimeControl "180+2"]
[Date "2023.07.04"]
[WhiteClock "0:00:01"]
[BlackClock "0:01:18"]
[Board "62"]

1. Nf3 g6 2. c4 Bg7 3. Nc3 d6 4. d4 Bg4 5. Be3 Nf6 6. h3 Bd7 7. g4 O-O 8. Qd2 Nc6 9. Bh6 e5 10. d5 Ne7 11. e4 c6 12. Be2 cxd5 13. cxd5 Rc8 14. Qe3 a6 15. Nd2 b5 16. a3 Ne8 17. h4 f5 18. gxf5 gxf5 19. Bxg7 Nxg7 20. Qg5 Ng6 21. O-O-O Nf4 22. Bf1 a5 23. Kb1 b4 24. Ne2 bxa3 25. Nxf4 exf4 26. Qxd8 Rfxd8 27. bxa3 Ba4 28. Rc1 Rxc1+ 29. Kxc1 Rc8+ 30. Kb1 Bc2+ 31. Kb2 fxe4 32. Nc4 Bd3 33. Nxd6 Rc2+ 34. Kb3 Rxf2 35. Bxd3 exd3 36. Rd1 d2 37. Ne4 Re2 38. Nc3 Rh2 39. Kc4 Nf5 40. Ne4 Ne3+ 0-1


[Site "https://www.chess.com"]

[Event "Titled Tuesday Blitz July 4 Late 2023"]
[White "Kanyamarala, Trisha"]
[Black "lagarto93"]
[WhiteFideId "45004722"]
[WhiteElo "2393"]
[BlackElo "2491"]
[Result "1-0"]
[Round "11"]
[TimeControl "180+2"]
[Date "2023.07.04"]
[WhiteClock "0:01:07"]
[BlackClock "0:00:56"]
[Board "63"]

1. c4 e5 2. Nc3 Nf6 3. g3 Bb4 4. Bg2 O-O 5. e4 d6 6. Nge2 Be6 7. d3 c6 8. O-O Nbd7 9. f4 Bg4 10. Be3 Re8 11. f5 Bc5 12. Qd2 Bxe2 13. Qxe2 Bxe3+ 14. Qxe3 Qb6 15. Qxb6 axb6 16. h3 Nc5 17. Rfd1 Na4 18. Nxa4 Rxa4 19. a3 Kf8 20. g4 Ke7 21. Bf3 Nd7 22. b3 Ra7 23. a4 c5 24. Rdb1 Rea8 25. Kf2 Kd8 26. Ke3 Kc7 27. h4 Nb8 28. g5 Nc6 29. h5 Nd4 30. Ra2 Kd7 31. Rh2 Ke7 32. g6 hxg6 33. hxg6 fxg6 34. Rh7 gxf5 35. Rxg7+ Kf6 36. Rbg1 fxe4 37. R1g6+ Kf5 38. Bxe4# 1-0


[Site "https://www.chess.com"]

[Event "Titled Tuesday Blitz July 4 Late 2023"]
[White "Alahakoon, Isuru"]
[Black "Liu, Casper"]
[WhiteFideId "9900993"]
[BlackFideId "1454153"]
[WhiteElo "2389"]
[BlackElo "2479"]
[Result "0-1"]
[Round "11"]
[TimeControl "180+2"]
[Date "2023.07.04"]
[WhiteClock "0:00:29"]
[BlackClock "0:01:26"]
[Board "64"]

1. Nf3 d6 2. d4 g6 3. Bf4 Bg7 4. Nc3 Nf6 5. Qd2 O-O 6. O-O-O b5 7. Nxb5 c6 8. Nc3 Qa5 9. Kb1 Nbd7 10. e4 Rb8 11. Nd5 Qd8 12. Nxf6+ Nxf6 13. Bd3 Qb6 14. c3 Be6 15. Ng5 Bd7 16. h4 c5 17. h5 Nxh5 18. Rxh5 gxh5 19. e5 h6 20. Nh7 dxe5 21. Nxf8 Ba4 22. b3 Bxb3 23. Nd7 Bc2+ 0-1


[Site "https://www.chess.com"]

[Event "Titled Tuesday Blitz July 4 Late 2023"]
[White "Erzhanov, Arman"]
[Black "el_sporco"]
[WhiteFideId "4138821"]
[WhiteElo "2477"]
[BlackElo "2364"]
[Result "1-0"]
[Round "11"]
[TimeControl "180+2"]
[Date "2023.07.04"]
[WhiteClock "0:00:06"]
[BlackClock "0:00:00"]
[Board "65"]

1. e4 e6 2. d4 d5 3. Nd2 c5 4. exd5 cxd4 5. Ngf3 Qxd5 6. Bc4 Qd6 7. Nb3 Qb4+ 8. Nbd2 Nc6 9. O-O Nf6 10. a3 Qd6 11. Nb3 e5 12. Re1 Be7 13. Bb5 Nd7 14. Bxc6 bxc6 15. Qe2 f6 16. Bd2 Qd5 17. Nbxd4 O-O 18. Nf5 Re8 19. Rad1 Qf7 20. Nxe7+ Rxe7 21. Nd4 Nb8 22. Nb3 Ba6 23. Qe4 Bc4 24. Bb4 Re8 25. Nc5 Bd5 26. Qf5 a5 27. Bd2 Na6 28. Nxa6 Rxa6 29. a4 Raa8 30. b3 Be6 31. Qf3 Bd5 32. Qg3 Reb8 33. Bc3 Qg6 34. Rd2 Be4 35. Qxg6 Bxg6 36. Kf1 Rd8 37. Red1 Rxd2 38. Rxd2 Kf7 39. Ke2 Ke6 40. Kd1 Be4 41. f3 Bg6 42. Kc1 e4 43. Re2 Kd5 44. Rd2+ Ke6 45. fxe4 Bxe4 46. Re2 Kd5 47. g3 Re8 48. Bxa5 Bg6 49. Rxe8 Bxe8 50. Kd2 c5 51. Bc7 c4 52. Kc3 cxb3 53. cxb3 g6 54. Bf4 f5 55. h4 Bc6 56. Kb2 Bb7 57. Ka3 Kc5 58. Be3+ Kd5 59. b4 Kc4 60. Bf4 Bc6 61. Bg5 Bd7 62. Bf4 1-0


[Site "https://www.chess.com"]

[Event "Titled Tuesday Blitz July 4 Late 2023"]
[White "Eggleston, Thomas A"]
[Black "Remolar Gallen, Jose"]
[WhiteFideId "412139"]
[BlackFideId "2215187"]
[WhiteElo "2368"]
[BlackElo "2477"]
[Result "0-1"]
[Round "11"]
[TimeControl "180+2"]
[Date "2023.07.04"]
[WhiteClock "0:00:07"]
[BlackClock "0:00:23"]
[Board "66"]

1. e4 c5 2. Nf3 d6 3. Bc4 Nf6 4. d3 e6 5. Bb3 Be7 6. O-O O-O 7. c3 b5 8. Re1 Bb7 9. Nbd2 Re8 10. Nf1 c4 11. Bc2 cxd3 12. Bxd3 a6 13. a4 bxa4 14. Rxa4 Nbd7 15. b4 Qc7 16. Bb2 Nb6 17. Ra5 Nc4 18. Bxc4 Qxc4 19. Ne3 Qc7 20. e5 dxe5 21. Nxe5 Red8 22. Qb3 Rab8 23. f3 Nd5 24. Nxd5 Bxd5 25. Qc2 Rxb4 26. Nxf7 Kxf7 27. Qxh7 Rxb2 28. Ra4 Bf6 29. Rg4 Qc5+ 30. Kh1 Qf2 31. Rg1 Bxf3 32. gxf3 Qxf3+ 33. R4g2 Rxg2 0-1


[Site "https://www.chess.com"]

[Event "Titled Tuesday Blitz July 4 Late 2023"]
[White "Avila Rodriguez, Joshua Ad"]
[Black "Guerra Tulcan, Lenin"]
[WhiteFideId "5126444"]
[BlackFideId "3601382"]
[WhiteElo "2470"]
[BlackElo "2629"]
[Result "0-1"]
[Round "11"]
[TimeControl "180+2"]
[Date "2023.07.04"]
[WhiteClock "0:00:00"]
[BlackClock "0:00:16"]
[Board "67"]

1. Nf3 c5 2. e4 e6 3. d4 cxd4 4. Nxd4 Nc6 5. Nc3 Qc7 6. Be3 a6 7. g4 Nxd4 8. Qxd4 Ne7 9. O-O-O Nc6 10. Qd3 b5 11. f4 Bb7 12. Bg2 Rc8 13. Kb1 Be7 14. h4 Na5 15. h5 Nc4 16. Bc1 b4 17. Nd5 exd5 18. exd5 d6 19. Rde1 O-O 20. Be4 Bf6 21. Bxh7+ Kh8 22. g5 Bxb2 23. Bxb2 Nxb2 24. Kxb2 Qc3+ 25. Kb1 Qa3 26. Qxa3 bxa3 27. Be4 Rc4 28. g6 fxg6 29. hxg6+ Kg8 30. Rh4 Rb8 31. Kc1 Re8 32. Reh1 Kf8 33. Rh8+ Ke7 34. Rxe8+ Kxe8 35. Bd3 Rxf4 36. Rh7 Kf8 37. Rh8+ Ke7 38. Rg8 Kf6 39. Rf8+ Ke5 40. Rf7 Bxd5 41. Rxg7 Bxa2 42. Ra7 Ra4 43. Rxa6 Rxa6 44. Bxa6 Bg8 45. Bd3 Kd4 46. Kb1 Kc3 47. Ka1 d5 48. Bf5 d4 49. Bd3 Bd5 50. Bf5 Bg8 51. Bd3 a2 52. Bf5 Kd2 53. g7 Ke3 54. Bd3 Kf4 0-1


[Site "https://www.chess.com"]

[Event "Titled Tuesday Blitz July 4 Late 2023"]
[White "Bullen, Alex"]
[Black "Gardezi, Arsal"]
[WhiteFideId "1801627"]
[BlackFideId "30949521"]
[WhiteElo "2321"]
[BlackElo "2256"]
[Result "1-0"]
[Round "11"]
[TimeControl "180+2"]
[Date "2023.07.04"]
[WhiteClock "0:00:06"]
[BlackClock "0:00:00"]
[Board "68"]

1. d4 Nf6 2. Nf3 e6 3. Bf4 c5 4. e3 Qb6 5. Qc1 Nc6 6. c3 d5 7. Bd3 Bd7 8. Nbd2 Rc8 9. Qb1 Be7 10. O-O c4 11. Bc2 Qa6 12. b3 b5 13. a4 b4 14. cxb4 Nxb4 15. bxc4 dxc4 16. Rc1 O-O 17. Ne5 c3 18. Ndf3 Bc6 19. Nxc6 Qxc6 20. Ne5 Qa6 21. Bg5 Nxc2 22. Qxc2 Nd5 23. Bxe7 Nxe7 24. Nd7 Nd5 25. Nxf8 Kxf8 26. Qb3 Qd6 27. Qa3 Qxa3 28. Rxa3 c2 29. Rb3 a5 30. Kf1 Nb4 31. Ke2 Na2 32. Kd2 Nxc1 33. Kxc1 Rc4 34. Ra3 Ke7 35. Ra2 Kf6 36. Rxc2 Rxa4 37. Kb2 h5 38. Rc5 g6 39. h4 Kg7 40. g3 Kf6 41. Re5 Kg7 42. Rc5 Kf6 43. f3 Kg7 44. g4 hxg4 45. fxg4 Kf6 46. g5+ Kg7 47. Rb5 Kg8 48. Rc5 Kg7 49. Rb5 Kg8 50. Re5 Kg7 51. Rc5 Kg8 52. Kb3 Ra1 53. Kc3 Ra3+ 54. Kd2 Ra2+ 55. Kd3 a4 56. Ra5 Rh2 57. Rxa4 Rxh4 58. Ra5 Kf8 59. Ke2 Rh3 60. Kf2 Kg7 61. Ke2 Kf8 62. Kd3 Rf3 63. Ke4 Rf5 64. Rxf5 gxf5+ 65. Ke5 Kg7 66. d5 exd5 67. Kxf5 1-0


[Site "https://www.chess.com"]

[Event "Titled Tuesday Blitz July 4 Late 2023"]
[White "Pinheiro, Iung Alicio de O."]
[Black "Carrasco Miranda, Andres"]
[WhiteFideId "2104350"]
[BlackFideId "3405990"]
[WhiteElo "2560"]
[BlackElo "2413"]
[Result "1-0"]
[Round "11"]
[TimeControl "180+2"]
[Date "2023.07.04"]
[WhiteClock "0:00:11"]
[BlackClock "0:00:04"]
[Board "69"]

1. d4 Nf6 2. c4 g6 3. Nc3 d5 4. Nf3 Bg7 5. e3 O-O 6. cxd5 Nxd5 7. Bc4 Nb6 8. Bb3 N8d7 9. e4 c5 10. d5 c4 11. Bc2 e6 12. Bg5 Qc7 13. Be7 Re8 14. d6 Qc5 15. a4 Ne5 16. O-O Bd7 17. Nxe5 Qxe5 18. f4 Qc5+ 19. Kh1 Nc8 20. e5 Nxe7 21. Ne4 Qb4 22. dxe7 Qxe7 23. Nd6 f6 24. Qd4 Bc6 25. Be4 Bxe4 26. Qxe4 Red8 27. Rad1 fxe5 28. fxe5 Qc7 29. Nxc4 Rxd1 30. Rxd1 Rf8 31. Nd6 b6 32. h3 Qc5 33. Re1 a6 34. b4 Qc3 35. b5 a5 36. Qe3 Qb4 37. Qe4 Rf2 38. Qxb4 axb4 39. Nc4 b3 40. Rb1 Rc2 41. Na3 Ra2 42. Rxb3 Bxe5 43. g3 Bd6 44. Nc4 Bc5 45. a5 bxa5 46. b6 Ra4 47. b7 Ba7 48. b8=Q+ Bxb8 49. Rxb8+ Kg7 50. Ne5 Ra2 51. g4 h5 52. g5 h4 53. Rb7+ Kg8 54. Nxg6 a4 55. Ra7 a3 56. Nxh4 e5 57. Nf5 e4 58. h4 Rf2 59. Nh6+ Kh8 60. Rxa3 e3 61. Rxe3 Kg7 62. Kg1 Rf4 63. Re7+ Kg6 64. Re6+ Kg7 65. Rf6 Ra4 66. Kg2 Kh8 67. Kg3 Kg7 68. Nf5+ Kh8 69. Nd6 Kg7 70. Rf3 Kh8 71. Nf5 Kh7 72. Rf4 Ra3+ 73. Kg4 Kg6 74. h5+ Kh7 75. g6+ Kh8 76. h6 Kg8 77. Ne7+ Kh8 78. g7+ Kh7 79. g8=Q+ Kxh6 80. Qg6# 1-0


[Site "https://www.chess.com"]

[Event "Titled Tuesday Blitz July 4 Late 2023"]
[White "Melikhov, Evgeny V."]
[Black "reevecanada"]
[WhiteFideId "4122046"]
[WhiteElo "2406"]
[BlackElo "2529"]
[Result "1-0"]
[Round "11"]
[TimeControl "180+2"]
[Date "2023.07.04"]
[WhiteClock "0:00:20"]
[BlackClock "0:00:27"]
[Board "70"]

1. d4 c6 2. c4 d5 3. Nc3 Nf6 4. e3 e6 5. Nf3 Bd6 6. Bd3 Nbd7 7. O-O O-O 8. e4 dxc4 9. Bxc4 e5 10. Bg5 Qc7 11. h3 exd4 12. Nxd4 h6 13. Be3 Ne5 14. Be2 Rd8 15. Qc2 Ng6 16. Nf5 Bxf5 17. exf5 Nf4 18. Bf3 Re8 19. Rfe1 Rad8 20. Rac1 Qa5 21. a3 N4d5 22. Nxd5 Nxd5 23. Bd2 Qb5 24. Rxe8+ Rxe8 25. b4 Nf6 26. Bc3 Be5 27. Re1 Bxc3 28. Rxe8+ Nxe8 29. Qxc3 Qxf5 30. Qe3 Nd6 31. Qxa7 Qf4 32. Qe3 Qxe3 33. fxe3 Nc4 34. a4 Nxe3 35. a5 Nc2 36. Bxc6 Nxb4 37. Bxb7 Kf8 38. a6 Nxa6 39. Bxa6 Ke7 40. Kf2 f5 41. Bd3 Kf6 42. Kf3 Ke5 43. g4 g6 44. Bc2 Kf6 45. Kf4 Ke6 46. Bxf5+ gxf5 47. gxf5+ Kf6 48. h4 h5 49. Ke4 Kf7 50. Ke5 Ke7 51. f6+ Kf7 52. Kf5 Kf8 53. Kg6 Kg8 54. Kxh5 Kf7 55. Kg5 Kf8 56. Kg6 Kg8 57. f7+ Kf8 58. h5 Ke7 59. Kg7 Ke6 1-0


[Site "https://www.chess.com"]

[Event "Titled Tuesday Blitz July 4 Late 2023"]
[White "Arnold, Ken"]
[Black "marik_spb"]
[WhiteFideId "2056836"]
[WhiteElo "2400"]
[BlackElo "2492"]
[Result "1-0"]
[Round "11"]
[TimeControl "180+2"]
[Date "2023.07.04"]
[WhiteClock "0:00:44"]
[BlackClock "0:00:07"]
[Board "71"]

1. e4 c6 2. Nf3 d5 3. Nc3 dxe4 4. Nxe4 Nf6 5. Ng3 h5 6. h4 Bg4 7. Be2 e6 8. d3 Bd6 9. Ne4 Nxe4 10. dxe4 Be7 11. Qxd8+ Bxd8 12. Be3 Nd7 13. g3 Bb6 14. Bxb6 axb6 15. a3 Ke7 16. O-O-O Rhd8 17. Rhe1 b5 18. c3 Nc5 19. Rxd8 Rxd8 20. Nd2 e5 21. f3 Be6 22. Kc2 g6 23. Bf1 Na4 24. b3 Nc5 25. c4 bxc4 26. Nxc4 Nxb3 27. Kxb3 b5 28. Kc3 bxc4 29. Ra1 Kd6 30. Rd1+ Kc7 31. Rxd8 Kxd8 32. Bxc4 Ke7 33. Bxe6 Kxe6 34. Kc4 Kd6 35. a4 f5 36. a5 Kc7 37. Kc5 f4 38. gxf4 exf4 39. a6 g5 40. hxg5 h4 41. a7 Kb7 42. a8=Q+ Kxa8 43. g6 h3 44. g7 h2 45. g8=Q+ Kb7 46. Qh7+ Ka6 47. Qxh2 Kb7 48. Qxf4 Ka6 49. Qd6 Ka5 50. Qb8 Ka4 51. Qb4# 1-0


[Site "https://www.chess.com"]

[Event "Titled Tuesday Blitz July 4 Late 2023"]
[White "Cooklev, Steven"]
[Black "a-z30"]
[WhiteFideId "2050552"]
[WhiteElo "2383"]
[BlackElo "2472"]
[Result "1-0"]
[Round "11"]
[TimeControl "180+2"]
[Date "2023.07.04"]
[WhiteClock "0:00:36"]
[BlackClock "0:00:00"]
[Board "72"]

1. e4 d6 2. d4 Nf6 3. Nc3 g6 4. Bg5 Bg7 5. f4 c6 6. Nf3 Qb6 7. Qd2 d5 8. e5 Ne4 9. Nxe4 dxe4 10. Ng1 Qxb2 11. Rd1 Be6 12. f5 Bxf5 13. Bc4 O-O 14. Ne2 Bg4 15. O-O Bxe2 16. Qxe2 e6 17. Be7 Nd7 18. Bxf8 Rxf8 19. Qxe4 Nb6 20. Bd3 Nd5 21. Rb1 Qxa2 22. Rxb7 a5 23. h4 Qa3 24. h5 Ne7 25. hxg6 1-0


[Site "https://www.chess.com"]

[Event "Titled Tuesday Blitz July 4 Late 2023"]
[White "Uzcategui Rodriguez, Alejandro"]
[Black "Slovineanu, Viacheslav"]
[WhiteFideId "3903400"]
[BlackFideId "13900510"]
[WhiteElo "2443"]
[BlackElo "2353"]
[Result "0-1"]
[Round "11"]
[TimeControl "180+2"]
[Date "2023.07.04"]
[WhiteClock "0:00:00"]
[BlackClock "0:01:18"]
[Board "73"]

1. d4 Nf6 2. Nf3 e6 3. Bg5 d5 4. Nbd2 Be7 5. e3 Nbd7 6. Bd3 c5 7. c3 b6 8. O-O Bb7 9. Ne5 Nxe5 10. dxe5 Nd7 11. Bxe7 Qxe7 12. f4 O-O-O 13. a4 f6 14. exf6 gxf6 15. a5 Rhg8 16. e4 c4 17. Bc2 Nc5 18. Qe2 dxe4 19. Nxe4 f5 20. Ng3 h5 21. axb6 axb6 22. Nxf5 exf5 23. Qxe7 Rxg2+ 24. Kh1 Rxc2+ 25. Qe4 Bxe4+ 0-1


[Site "https://www.chess.com"]

[Event "Titled Tuesday Blitz July 4 Late 2023"]
[White "Ai, Evan"]
[Black "Haitin, Ilja"]
[WhiteFideId "2094770"]
[BlackFideId "4501764"]
[WhiteElo "2438"]
[BlackElo "2351"]
[Result "0-1"]
[Round "11"]
[TimeControl "180+2"]
[Date "2023.07.04"]
[WhiteClock "0:00:04"]
[BlackClock "0:00:26"]
[Board "74"]

1. d4 e6 2. e4 d5 3. Nc3 Be7 4. e5 c5 5. f4 cxd4 6. Qxd4 Nc6 7. Bb5 Bd7 8. Bxc6 bxc6 9. Nf3 c5 10. Qd3 Nh6 11. O-O O-O 12. Ne2 Rb8 13. b3 Bb5 14. Qd2 Nf5 15. g4 Nh4 16. a4 Nxf3+ 17. Rxf3 Bc6 18. Rh3 d4 19. Qd3 g6 20. Kf2 Qd5 21. Ke1 f6 22. exf6 Bxf6 23. Ba3 e5 24. Qc4 Qxc4 25. bxc4 Be7 26. Rb3 Rxb3 27. cxb3 exf4 28. Nxd4 cxd4 29. Bxe7 Re8 30. Kd2 Rxe7 31. Kd3 f3 32. b4 f2 33. Rf1 Rf7 34. Ke2 d3+ 35. Ke3 d2 36. Kxd2 Bg2 0-1


[Site "https://www.chess.com"]

[Event "Titled Tuesday Blitz July 4 Late 2023"]
[White "Ardila, Oscar Humberto"]
[Black "Mickiewicz, Piotr"]
[WhiteFideId "4404742"]
[BlackFideId "1114891"]
[WhiteElo "2341"]
[BlackElo "2433"]
[Result "1/2-1/2"]
[Round "11"]
[TimeControl "180+2"]
[Date "2023.07.04"]
[WhiteClock "0:00:17"]
[BlackClock "0:00:12"]
[Board "75"]

1. d4 Nf6 2. c4 c5 3. d5 e6 4. Nc3 exd5 5. cxd5 d6 6. e4 a6 7. a4 g6 8. Bd3 Bg7 9. h3 Nbd7 10. Bf4 Qe7 11. Nf3 Nh5 12. Bh2 Ne5 13. O-O Nxf3+ 14. Qxf3 Be5 15. Rfe1 Bxh2+ 16. Kxh2 Qe5+ 17. Kg1 Nf4 18. Bf1 h5 19. Rad1 h4 20. Ne2 g5 21. Nxf4 gxf4 22. Qc3 f6 23. Qxe5+ fxe5 24. Be2 Bd7 25. b3 b5 26. axb5 axb5 27. Ra1 O-O 28. Bg4 Bxg4 29. hxg4 f3 30. Rxa8 Rxa8 31. gxf3 Ra3 32. Rb1 Kg7 33. Kg2 Kg6 34. Rb2 Kg5 35. Rb1 b4 36. Kh3 c4 37. bxc4 Rxf3+ 38. Kg2 Kxg4 39. Rxb4 h3+ 40. Kg1 h2+ 41. Kxh2 Rxf2+ 42. Kg1 Rc2 43. Rb6 Kg3 44. Kf1 Kf3 45. Ke1 Rxc4 46. Rxd6 Rxe4+ 47. Kd2 Rd4+ 48. Kc3 Ke4 49. Rd8 Rd3+ 50. Kc4 Rd1 51. d6 Ke3 52. Kc5 e4 53. d7 Kf3 54. Rf8+ Kg2 55. d8=Q Rxd8 56. Rxd8 e3 57. Re8 Kf2 58. Kd4 e2 59. Rf8+ Kg2 60. Rg8+ Kf2 61. Rf8+ Kg2 62. Re8 Kf2 63. Rf8+ 1/2-1/2


[Site "https://www.chess.com"]

[Event "Titled Tuesday Blitz July 4 Late 2023"]
[White "Lalanne, Pablo"]
[Black "Korpics, Zsolt"]
[WhiteFideId "112151"]
[BlackFideId "705241"]
[WhiteElo "2430"]
[BlackElo "2335"]
[Result "1-0"]
[Round "11"]
[TimeControl "180+2"]
[Date "2023.07.04"]
[WhiteClock "0:00:17"]
[BlackClock "0:00:11"]
[Board "76"]

1. e4 c5 2. Nf3 e6 3. d4 cxd4 4. Nxd4 Nc6 5. Nc3 Qc7 6. Be3 a6 7. Qd2 Nf6 8. f3 Be7 9. g4 b5 10. O-O-O b4 11. Nce2 Ne5 12. Ng3 d6 13. g5 Nfd7 14. Kb1 Rb8 15. f4 Nc4 16. Bxc4 Qxc4 17. f5 e5 18. Nb3 f6 19. h4 Qb5 20. Qg2 a5 21. Rd5 Qa4 22. Rxa5 Qc6 23. Nh5 Rg8 24. Ra7 Bb7 25. Ng3 Bd8 26. Na5 Bxa5 27. Rxa5 Nc5 28. Bxc5 dxc5 29. Rd1 Qb6 30. Ra4 Bc6 31. Rd6 Qc7 32. Re6+ Kf7 33. Ra6 Bb5 34. Rad6 Rgd8 35. Qd2 Bc4 36. gxf6 Bxe6 37. fxe6+ Kxf6 38. Qg5# 1-0


[Site "https://www.chess.com"]

[Event "Titled Tuesday Blitz July 4 Late 2023"]
[White "Kielinkei"]
[Black "Cluke86"]
[WhiteElo "2420"]
[BlackElo "2332"]
[Result "1-0"]
[Round "11"]
[TimeControl "180+2"]
[Date "2023.07.04"]
[WhiteClock "0:01:18"]
[BlackClock "0:00:20"]
[Board "77"]

1. e4 d6 2. d4 Nf6 3. Nc3 e5 4. dxe5 dxe5 5. Qxd8+ Kxd8 6. Bg5 Nd7 7. f3 Bb4 8. O-O-O Bxc3 9. bxc3 c6 10. Bc4 Ke7 11. Ne2 b5 12. Bb3 a5 13. a4 h6 14. Be3 Rd8 15. Ng3 Bb7 16. Nf5+ Kf8 17. Nd6 Rab8 18. Nxf7 bxa4 19. Nxd8 axb3 20. Nxb7 Rxb7 21. cxb3 Rxb3 22. Kc2 Rb5 23. c4 Rb4 24. Kc3 Ke8 25. Ra1 Nb6 26. Bxb6 Rxb6 27. Rxa5 Nd7 28. Rd1 Rb7 29. Rd6 Rc7 30. Ra6 Nb8 31. Rb6 Ke7 32. c5 Nd7 33. Rbxc6 Nxc5 34. Rxc7+ Kxd6 35. Rxg7 1-0


[Site "https://www.chess.com"]

[Event "Titled Tuesday Blitz July 4 Late 2023"]
[White "CarolinaLujan"]
[Black "Toolin, Christopher"]
[BlackFideId "2024543"]
[WhiteElo "2317"]
[BlackElo "2416"]
[Result "0-1"]
[Round "11"]
[TimeControl "180+2"]
[Date "2023.07.04"]
[WhiteClock "0:01:46"]
[BlackClock "0:01:09"]
[Board "78"]

1. e4 c5 2. g3 e6 3. Bg2 Nc6 4. Ne2 d6 5. O-O g6 6. c3 Bg7 7. d4 cxd4 8. cxd4 Nge7 9. Nbc3 d5 10. e5 O-O 11. Bg5 h6 12. Bf4 Bd7 13. Qd2 Kh7 14. h4 Rc8 15. g4 Ng8 16. h5 gxh5 17. gxh5 Qh4 18. Ng3 f6 19. exf6 Nxf6 20. Qd3+ Kh8 21. Be5 Ng4 22. Bxg7+ Kxg7 23. Qg6+ Kh8 24. Rfd1 Qh2+ 25. Kf1 Rxf2+ 26. Ke1 Qxg3 27. Ne2 Rxe2+ 28. Kxe2 Qe3+ 29. Kf1 Qf2# 0-1


[Site "https://www.chess.com"]

[Event "Titled Tuesday Blitz July 4 Late 2023"]
[White "Santos, Rafael Ventura Dos"]
[Black "Herman, Daniel"]
[WhiteFideId "2122227"]
[BlackFideId "30935008"]
[WhiteElo "2291"]
[BlackElo "2416"]
[Result "0-1"]
[Round "11"]
[TimeControl "180+2"]
[Date "2023.07.04"]
[WhiteClock "0:00:10"]
[BlackClock "0:00:49"]
[Board "79"]

1. d4 d6 2. c4 e5 3. Nf3 e4 4. Ng5 f5 5. h4 Nf6 6. Nc3 h6 7. Nh3 g6 8. Nf4 Kf7 9. Qb3 c6 10. d5 c5 11. h5 g5 12. Ng6 Rg8 13. Bd2 Bg7 14. O-O-O Nxh5 15. Rxh5 Kxg6 16. Rh1 Nd7 17. g4 Ne5 18. gxf5+ Bxf5 19. Bg2 b5 20. cxb5 c4 21. Qb4 a5 22. Qa3 e3 23. Bxe3 Ng4 24. Bf3 Nxe3 25. fxe3 Qb6 26. e4 Bd7 27. Kb1 Rgf8 28. Rdf1 Kh7 29. Bh5 Be5 30. Bf3 Qe3 31. Nd1 Qxa3 32. bxa3 Bxb5 33. Ne3 Rab8 34. Kc2 Ba4+ 35. Kc1 Bf4 36. Rh3 Bxe3# 0-1


[Site "https://www.chess.com"]

[Event "Titled Tuesday Blitz July 4 Late 2023"]
[White "Jovic, Stanoje"]
[Black "Seletsky, Grigory"]
[WhiteFideId "905020"]
[BlackFideId "14112191"]
[WhiteElo "2538"]
[BlackElo "2353"]
[Result "1-0"]
[Round "11"]
[TimeControl "180+2"]
[Date "2023.07.04"]
[WhiteClock "0:00:17"]
[BlackClock "0:00:02"]
[Board "80"]

1. c4 c5 2. g3 Nc6 3. Bg2 g6 4. Nc3 Bg7 5. Nf3 e5 6. O-O Nge7 7. Ne1 O-O 8. Nc2 d6 9. Ne3 f5 10. Ned5 f4 11. d3 g5 12. a3 h5 13. Rb1 Nd4 14. e3 f3 15. exd4 Bg4 16. Nxe7+ Qxe7 17. Nd5 Qd7 18. Bh1 cxd4 19. Bxg5 Rae8 20. Re1 Rf5 21. Bh4 Kh7 22. h3 Qf7 23. hxg4 hxg4 24. Re4 Qg6 25. b4 Rh5 26. Bxf3 Rxh4 27. Bxg4 Rh6 28. Kg2 Rf8 29. f3 b6 30. Qe2 Qg5 31. Rh1 Rxh1 32. Kxh1 Kg6 33. f4 Rh8+ 34. Kg2 Qh6 35. Kf3 Qh1+ 36. Qg2 Qd1+ 37. Kf2 Qd2+ 38. Be2 Bh6 39. Qf3 Kg7 40. Qg4+ Kf8 41. Qc8+ Kg7 42. Qd7+ Kg6 43. Qxd6+ Kg7 44. Qxe5+ Kh7 45. Qf5+ Kg7 46. Re7+ 1-0


[Site "https://www.chess.com"]

[Event "Titled Tuesday Blitz July 4 Late 2023"]
[White "Zherebtsova, Alexandra"]
[Black "Estrada Nieto, Julian"]
[WhiteFideId "24129518"]
[BlackFideId "5101018"]
[WhiteElo "2347"]
[BlackElo "2518"]
[Result "0-1"]
[Round "11"]
[TimeControl "180+2"]
[Date "2023.07.04"]
[WhiteClock "0:00:00"]
[BlackClock "0:00:33"]
[Board "81"]

1. d4 Nf6 2. Nf3 d5 3. c4 dxc4 4. e3 e6 5. Bxc4 a6 6. a4 c5 7. O-O Nc6 8. Nc3 Be7 9. Qe2 cxd4 10. Rd1 e5 11. exd4 exd4 12. Be3 Bg4 13. h3 Bxf3 14. Qxf3 O-O 15. Bf4 Bd6 16. Ne2 Bxf4 17. Qxf4 Nd5 18. Bxd5 Qxd5 19. Nxd4 Rfd8 20. Nf5 Qe5 21. Qxe5 Nxe5 22. Kf1 Kf8 23. Ke2 g6 24. Ne3 Rac8 25. b4 Nc6 26. Rab1 Nd4+ 27. Kf1 f5 28. g3 Kf7 29. Rd3 Ne6 30. Rbd1 Rxd3 31. Rxd3 Rc7 32. Nd5 Rd7 33. Nf4 Ke7 34. Re3 Rd6 35. Ke2 Kd7 36. Nxe6 Rxe6 37. Rxe6 Kxe6 38. Kd3 Kd5 0-1


[Site "https://www.chess.com"]

[Event "Titled Tuesday Blitz July 4 Late 2023"]
[White "Fiol, Fabrice"]
[Black "The_Straightforward_Rook"]
[WhiteFideId "611670"]
[WhiteElo "2514"]
[BlackElo "2329"]
[Result "0-1"]
[Round "11"]
[TimeControl "180+2"]
[Date "2023.07.04"]
[WhiteClock "0:00:03"]
[BlackClock "0:00:20"]
[Board "82"]

1. e4 e5 2. Nf3 Nc6 3. Bc4 Bc5 4. d3 a6 5. c3 d6 6. Bb3 Qf6 7. Nbd2 Nge7 8. Nf1 Bg4 9. Ne3 Bxf3 10. Qxf3 Qxf3 11. gxf3 Ng6 12. Nd5 O-O-O 13. Be3 Rhf8 14. h4 h5 15. Ke2 Na5 16. Bc2 c6 17. Nb6+ Kc7 18. Na4 Bxe3 19. fxe3 b5 20. b4 bxa4 21. bxa5 a3 22. Rab1 Rb8 23. Rb3 Rb5 24. Rxa3 Rb2 25. Kd2 Rfb8 26. d4 c5 27. Kd3 c4+ 28. Kd2 Kd7 29. Kc1 Ke7 30. Rh2 Nf8 31. Ra4 Ne6 32. Rxc4 Rxa2 33. Rg2 g6 34. dxe5 dxe5 35. Rb4 Rc8 36. Kb1 Rxa5 37. Rd2 Rxc3 38. Rb7+ Kf6 39. Rdd7 Rb5+ 40. Rxb5 axb5 41. Rb7 Rxe3 42. Rxb5 Rxf3 43. Rb6 Rf4 44. Kc1 Rxh4 45. Kd2 Rh2+ 46. Kc3 h4 47. Bb3 Rh3+ 48. Kb4 Re3 49. Bd5 h3 50. Rb8 h2 51. Rh8 Re2 52. Kc4 Nf4 53. Bc6 Rc2+ 54. Kb5 g5 55. Bd7 Re2 56. Bf5 g4 57. Kc6 g3 58. Kd6 g2 59. Rh6+ Kg7 60. Rh7+ Kf6 61. Rh6+ Kg5 62. Rh8 g1=Q 63. Rg8+ Kh4 64. Rh8+ Kg3 65. Rg8+ Kf2 0-1


[Site "https://www.chess.com"]